 Dungeon Crawl Stone Soup version 0.25-a0-110-ge29c8f2358 (webtiles) character file.

Game seed: 5703434886140075714, levelgen mode: deterministic

21 MisterFreud the Chopper (level 2, -19/26 HPs)
             Began as a Hill Orc Abyssal Knight on Nov 19, 2019.
             Was a Follower of Lugonu.
             Demolished by a goblin
             ... wielding a +1 dagger of electrocution
              (20 damage)
             ... on level 1 of the Dungeon.
             The game lasted 00:01:19 (714 turns).

MisterFreud the Chopper (Hill Orc Abyssal Knight)    Turns: 714, Time: 00:01:20

Health: -19/26     AC:  3    Str: 14    XL:     2   Next: 87%
Magic:  3/3        EV: 11    Int: 12    God:    Lugonu [*.....]
Gold:   38         SH:  0    Dex: 10    Spells: 1/1 levels left

rFire    . . .     SeeInvis .   a - +1 hand axe
rCold    . . .     Gourm    .   (no shield)
rNeg     . . .     Faith    .   b - +0 leather armour
rPois    .         Spirit   .   (no helmet)
rElec    .         Reflect  .   (no cloak)
rCorr    .         Harm     +   (no gloves)
MR       .....                  (no boots)
Stlth    +.........             i - amulet of harm
HPRegen  0.08/turn              (no ring)
MPRegen  0.08/turn              (no ring)

@: no status effects
A: no striking features
a: Depart the Abyss, Renounce Religion


You were on level 1 of the Dungeon.
You worshipped Lugonu.
Lugonu was aware of your devotion.
You were not hungry.

You visited 1 branch of the dungeon, and saw 1 of its levels.
You visited the Abyss 1 time.

You collected 38 gold pieces.

Inventory:

Hand Weapons
 a - a +1 hand axe (weapon)
Missiles
 f - 44 stones (quivered)
 g - 20 arrows
Armour
 b - a +0 leather armour (worn)
Jewellery
 i - an amulet of harm (around neck)
Scrolls
 d - 3 scrolls of remove curse {unknown}
 e - a scroll of fog {unknown}
 j - a scroll of magic mapping {unknown}
Comestibles
 c - 3 rations
 h - 6 chunks of flesh


   Skills:
 - Level 3.6 Fighting
 + Level 4.4 Axes
 - Level 2.1 Armour
 - Level 0.7 Dodging
 - Level 2.4 Invocations


You had one spell level left.
You didn't know any spells.
Your spell library was empty.

Dungeon Overview and Level Annotations

Branches:
Dungeon (1/15)

Altars:


Message History

No target in view!
You see here a +0 dagger.
Found a spear.
A goblin comes into view.
The goblin shouts!
A goblin is nearby!
A goblin comes into view.
It is wielding a +1 dagger of electrocution.
You hit the goblin.
You kill the goblin!
Lugonu accepts your kill.
You see here a goblin corpse.
You closely miss the goblin. The goblin hits you but does no damage.
You are electrocuted!!
Ouch! That really hurt!
* * * LOW HITPOINT WARNING * * *
The goblin hits you with a +1 dagger of electrocution.
* * * LOW HITPOINT WARNING * * *
You are electrocuted!
Ouch! That really hurt!
You die...

#....########....รท.#
###....##............#
# ....####............#
#.##.. #............#
#.....########.....##..
#..#...........########
........#####..# #.....
##..###.#####..# #.####
# #.@........###.####
#.g.######.........
#...# ######.### ...##
#.... ..### #.... ...
##.#. #### #)## #...
####


You could see a goblin.

Vanquished Creatures
  An ooze (D:1)
  A dart slug (D:1)
  A giant cockroach (D:1)
  3 goblins (D:1)
  2 hobgoblins (D:1)
  A kobold (D:1)
  4 bats (D:1)
  A rat (D:1)
14 creatures vanquished.

Notes
Turn   | Place    | Note
-------+----------+-------------------------------------------
     0 | Abyss:1  | MisterFreud the Hill Orc Abyssal Knight began the quest for
                  | the Orb.
     0 | Abyss:1  | Reached XP level 1. HP: 19/19 MP: 2/2
    48 | D:1      | Escaped the Abyss
    90 | D:1      | Reached skill level 3 in Axes
   175 | D:1      | Reached XP level 2. HP: 19/26 MP: 3/3
   497 | D:1      | Reached skill level 4 in Axes
   714 | D:1      | HP: 1/26 [goblin/+1 dagger of electrocution (1)]
   714 | D:1      | Demolished by a goblin

Levels and vault maps discovered:
D:1:      minmay_arrival_loop, layout_basic

Skill      XL: |  1  2 |
---------------+-------+-----
Axes           | 3 4 |  4.4
Fighting       | |  3.6
Armour         | |  2.1
Dodging        | |  0.7
Invocations    | |  2.4

Action                   || total
-------------------------++-------
Melee: Hand axe          ||    50
Armor: Leather armour    ||    20
Dodge: Dodged            ||    36

Table legend:
 A = Non-vault XP
 B = Vault XP
 C = Vault XP percentage of total XP
 D = Non-vault monster count
 E = Vault monster count
 F = Vault count percentage of total count
                 A         B        C        D         E       F
            +---------+---------+-------+---------+---------+-------
      Total |      31 |       0 |   0.0 |      14 |       0 |   0.0
            +---------+---------+-------+---------+---------+-------
        D:1 |      31 |       0 |   0.0 |      14 |       0 |   0.0
            +---------+---------+-------+---------+---------+-------
